 Seeded DCSS version 0.30-a0-743-gbfdf073431 (webtiles) character file.

Game seed: 5430720872467839093 (custom seed)

882 purpskrrrp the Covert (level 7, 0/36 HPs)
             Began as a Spriggan Brigand on Feb 7, 2023.
             Killed from afar by a white imp (11 damage)
             ... with a puff of frost
             ... on level 6 of the Dungeon.
             The game lasted 00:04:32 (2304 turns).

purpskrrrp the Covert (Spriggan Brigand)            Turns: 2304, Time: 00:04:32

Health: 0/36       AC:  3    Str:  7    XL:     7   Next: 76%
Magic:  8/8        EV: 20    Int: 13    God:
Gold:   1337       SH:  0    Dex: 18    Spells: 6/6 levels left

rFire   . . .      SeeInvis +    a - +2 dagger (heavy)
rCold   . . .      Faith    .    (no shield)
rNeg    . . .      Spirit   .    b - +0 robe
rPois   .          Reflect  .    (helmet restricted)
rElec   .          Harm     .    c - +0 cloak
rCorr   .          Rampage  .    (gloves unavailable)
Will    +....                    (boots unavailable)
Stlth   ++++                     (no amulet)
HPRegen 0.26/turn                (no ring)
MPRegen 0.11/turn                (no ring)

@: studying Dodging, very quick
A: very small, no large weapons, unfitting armour, see invisible, speed 3
a: no special abilities


You were on level 6 of the Dungeon.
You visited 1 branch of the dungeon, and saw 4 of its levels.

You collected 1337 gold pieces.

Inventory:

Hand Weapons
 a - a +2 heavy dagger (weapon)
Missiles
 d - 4 poisoned darts
Armour
 b - a +0 robe (worn)
 c - a +0 cloak (worn)
Jewellery
 n - a +6 ring of strength
 p - a ring of protection from cold
Scrolls
 g - a scroll of teleportation {unknown}
 i - 3 scrolls of amnesia {unknown}
 k - 2 scrolls of noise {unknown}
 l - a scroll of torment {unknown}
 m - a scroll of identify {unknown}
 o - 2 scrolls of acquirement
 q - a scroll of fog {unknown}
 r - a scroll of immolation {unknown}
 s - a scroll of enchant armour {unknown}
 t - a scroll of poison {unknown}
 u - a scroll of fear {unknown}
Potions
 f - a potion of mutation {unknown}
 h - a potion of attraction {unknown}
 j - 2 potions of curing {unknown}


   Skills:
 + Level 3.2 Fighting
 * Level 6.0 Short Blades
 + Level 4.1 Throwing
 + Level 5.9 Dodging
 + Level 8.0 Stealth


You had 6 spell levels left.
You didn't know any spells.
Your spell library was empty.

Dungeon Overview and Level Annotations

Branches:
Dungeon (6/15)
 Temple: D:4-7

Altars:
Ashenzari
Elyvilon
Fedhas
Kikubaaqudgha
Makhleb

Shops:
D:2 ?


Innate Abilities, Weirdness & Mutations

You are very small and have problems with some larger weapons.
You are too small for most types of armour.
You have supernaturally acute eyesight. (SInv)
You cover ground extremely quickly. (Speed+++)


Message History

The orc rages.
The white imp laughs crazily.
The white imp gestures at you. The puff of frost misses you.
The orc misses you.
The orc is no longer berserk.
Throw: 6 darts (poison)
Press: ? - help, Shift-Dir - straight line, f/p - orc
Aim: an orc, wielding a +0 dagger and wearing a +0 chain mail (moderately wounded, slow, 71% to hit)
You throw a poisoned dart.
The poisoned dart barely misses the orc.
Throw: 5 darts (poison)
Press: ? - help, Shift-Dir - straight line, f/p - orc
Aim: an orc, wielding a +0 dagger and wearing a +0 chain mail (moderately wounded, slow, 71% to hit)
You throw a poisoned dart.
The poisoned dart completely misses the orc.
You hit the orc but do no damage.
The orc is moderately wounded.
You barely miss the orc.
The orc is moderately wounded.
The orc misses you.
You hit the orc.
The orc is heavily wounded.
The orc hits you with a +0 dagger.
* * * LOW HITPOINT WARNING * * *
You closely miss the orc.
The orc is heavily wounded.
You hit the orc but do no damage.
The orc is heavily wounded.
The orc completely misses you.
You closely miss the orc.
The orc is heavily wounded.
The orc misses you.
You hit the orc.
The orc is almost dead.
You hit the orc.
You kill the orc!
The white imp gestures at you. The puff of frost hits you!
You die...

#....#
#(...#+##
#........
#........
#5.......
#........
#........
+)...####
#@...#
#....#
#....#
#....#
#....#
#....#
######


You could see a white imp.

Vanquished Creatures
  A two-headed ogre (D:6)
  A scorpion (D:6)
  2 necrophages
  2 orc wizards (D:6)
  3 gnolls (D:2)
  2 adders
  An orc (D:6)
  3 bats
  5 endoplasms
  2 hobgoblins
  4 jackals (D:1)
  5 kobolds
  2 quokkas (D:1)
  2 ball pythons (D:1)
  A frilled lizard (D:2)
  4 goblins
  2 rats
42 creatures vanquished.

Notes
Turn   | Place    | Note
-------+----------+-------------------------------------------
     0 | D:1      | purpskrrrp the Spriggan Brigand began the quest for the
                  | Orb.
     0 | D:1      | Reached XP level 1. HP: 10/10 MP: 2/2
    86 | D:1      | Reached skill level 6 in Stealth
   369 | D:1      | Reached XP level 2. HP: 15/15 MP: 3/3
  1343 | D:2      | Noticed a necrophage
  1369 | D:2      | Killed a necrophage
  1370 | D:2      | Reached XP level 3. HP: 10/18 MP: 4/4
  1370 | D:2      | Reached XP level 4. HP: 13/23 MP: 5/5
  1838 | D:2      | Found Doddoiw's Magic Scroll Shoppe.
  1921 | D:3      | Found a faded altar of an unknown god.
  1965 | D:3      | You fall into a shaft and drop 3 floors!
  1974 | D:6      | Found a broken altar of Ashenzari.
  1985 | D:6      | Noticed a necrophage
  1988 | D:6      | Killed a necrophage
  1989 | D:6      | Reached XP level 5. HP: 27/27 MP: 6/6
  2004 | D:6      | Found a white marble altar of Elyvilon.
  2004 | D:6      | Found an ancient bone altar of Kikubaaqudgha.
  2008 | D:6      | Found a blossoming altar of Fedhas.
  2008 | D:6      | Found a burning altar of Makhleb.
  2157 | D:6      | Identified 4 scrolls of acquirement
  2157 | D:6      | Acquired 1268 gold pieces
  2159 | D:6      | Acquired a manual of Dodging
  2223 | D:6      | Reached skill level 7 in Stealth
  2223 | D:6      | Reached XP level 6. HP: 32/32 MP: 7/7
  2239 | D:6      | Noticed a two-headed ogre
  2243 | D:6      | HP: 1/32 [two-headed ogre/+0 giant spiked club (17)]
  2258 | D:6      | Killed a two-headed ogre
  2259 | D:6      | Reached skill level 5 in Dodging
  2259 | D:6      | Reached skill level 8 in Stealth
  2259 | D:6      | Reached XP level 7. HP: 4/36 MP: 8/8
  2304 | D:6      | Killed from afar by a white imp

Illustrated notes

Levels and vault maps discovered:
D:1:      dpeg_arrival_boxes_within_box, layout_basic
D:2:      layout_loops_ring, serial_shops, shop, nicolae_kite_square_tiling_tiny
D:3:      layout_rooms, okawaru_metal_pillars_3, ebering_ecumenical_altar_rust
D:6:      layout_gridville, mainiacjoe_overflow_tiny_flanked,
          grunt_temple_overflow_open, cheibrodos_ashenzari_chains, minivault_5,
          minmay_pentangle

Skill      XL: |  1  2  3  4  5  6 |
---------------+-------------------+-----
Stealth        | 6 7 8 |  8.0
Dodging        | 2 3 5 |  5.9
Fighting       | 2 3 |  3.2
Short Blades   | 3 4 6 |  6.0
Throwing       | 3 4 |  4.1

Action                     |  1- 3 |  4- 6 |  7- 9 || total
---------------------------+-------+-------+-------++-------
  Melee: Dagger            |    69 |    44 |     8 ||   121
         Punch             |     1 |       |       ||     1
  Throw: Dart              |    10 |     8 |     4 ||    22
    Use: Scroll            |     1 |     2 |       ||     3
   Stab: Sleeping          |     7 |     6 |       ||    13
 Armour: Robe              |     3 |     4 |       ||     7
  Dodge: Dodged            |    64 |    29 |     5 ||    98

Table legend: (Time is in decaauts)
 A = Elapsed time spent in this place.
 B = Non-inter-level travel time spent in this place.
 C = Inter-level travel time spent in this place.
 D = Time resting spent in this place.
 E = Time spent auto-exploring this place.
 F = Levels seen in this place.
 G = Mean time per level.
                   A        B        C        D        E       F      G
               +--------+--------+--------+--------+--------+-----+--------+
         Total |   1640 |   1579 |     61 |    272 |    994 |   4 |  410.0 |
       Dungeon |   1640 |   1579 |     61 |    272 |    994 |   4 |  410.0 |
               +--------+--------+--------+--------+--------+-----+--------+

Top non-repeatable levels by time:
     D:1: 827 daAuts
     D:2: 505 daAuts
     D:6: 257 daAuts
     D:3: 51 daAuts
